Selects Italian Combined Arms Battlegroup
Selects Bersaglieri Squad
Kradschützen Motorcycle Team
Construct Light Support Kompanie
Selects Bersaglieri Bolster
Construct Mechanized Kompanie
Panzerjäger Mechanized Group
254 Reconnaissance Tractor
Selects Semovente da 75/18 Assault Gun
Semovente da 75/18 Assault Gun
Selects Carro Armato M13/40 Light Tank
Semovente da 75/18 Assault Gun
Semovente da 75/18 Assault Gun
Selects Breda Model 30 Light Machine Guns
Semovente da 75/18 Assault Gun
Semovente da 75/18 Assault Gun
Semovente da 75/18 Assault Gun
Semovente da 75/18 Assault Gun